Cogmind - Beta 17 @@@ ROGUE MODE // 2026.06.23 @ 05:16:46 Player: FL-IST Result: Destroyed by 6W-2ZM(R) with Subdweller Beam Cannon Performance ------------- Evolutions (0) 0 Regions Visited (2) 400 Robots Destroyed (40) 200 Value Destroyed (739) 739 Prototype IDs (1) 20 Alien Tech Used (0) 0 Bonus (5500) 5500 TOTAL SCORE: 6859 Bonus ------- Prayed to X0-1V1 5000 Major X0-1V1 Interference 500 Cogmind --------- Core Integrity 0/200 Matter 297/300 Energy 188/200 System Corruption 15% Temperature Cool (9) Movement Treading (160) Location -10/Subcaves Parts ------- > --- POWER (1) -------- Subdweller Power Source (fused) > --- PROPULSION (2) --- Light Treads Spiked Treads > --- UTILITY (3) ------ Medium Storage Unit Makeshift Targeting Computer X0-1V1's Piety Tracker > --- WEAPON (1) ------- Heavy Battle Rifle > --- INVENTORY (10) --- Light Treads Light Treads Light Treads Wheel Improved Heat Sink Hacking Suite Subdweller Laser Beam Cannon Subdweller Machine Gun Dirty Datajack (20) Peak State ------------ > --- POWER ------------ Subdweller Power Source > --- PROPULSION ------- Light Treads Spiked Treads > --- UTILITY ---------- Medium Storage Unit Makeshift Targeting Computer X0-1V1's Piety Tracker > --- WEAPON ----------- Heavy Battle Rifle > --- INVENTORY -------- Light Treads Light Treads Light Treads Wheel Improved Heat Sink Hacking Suite Subdweller Laser Beam Cannon Subdweller Machine Gun Dirty Datajack [Rating: 27] Favorites ----------- Power Light Ion Engine Engine Light Ion Engine Propulsion Light Treads Treads Light Treads Wheel Wheel Utility Medium Storage Unit Device Seismic Detector Storage Medium Storage Unit Processor Makeshift Targeting Computer Weapon Assault Rifle Energy Gun Subdweller Laser Energy Cannon Beam Cannon Ballistic Gun Assault Rifle Build | -11 -10 -10 ------- Run | Yrd Mat Sub Slots Evolved . | . . . Power . | . . . Propulsion . | . . . Utility . | . . . Weapon . | . . . Parts Attached 24 | 7 6 11 Power 3 | 1 1 1 Engine 3 | 1 1 1 Core . | . . . Reactor . | . . . Propulsion 7 | 2 3 2 Treads 6 | 1 3 2 Leg . | . . . Wheel 1 | 1 . . Hover . | . . . Flight . | . . . Utility 6 | 2 1 3 Device 3 | 1 . 2 Storage 2 | 1 1 . Processor 1 | . . 1 Hackware . | . . . Protection . | . . . Artifact . | . . . Weapon 8 | 2 1 5 Energy Gun 1 | . . 1 Energy Cannon 1 | . . 1 Ballistic Gun 6 | 2 1 3 Ballistic Cannon . | . . . Launcher . | . . . Special Weapon . | . . . Impact Weapon . | . . . Slashing Weapon . | . . . Piercing Weapon . | . . . Special Melee Weapon . | . . . Unidentified Prototypes 1 | . . 1 Parts Lost 6 | . 1 5 Power 2 | . 1 1 Propulsion 1 | . . 1 Utility 2 | . . 2 Weapon 1 | . . 1 Highest Loss Streak 2 | . 1 2 To Critical Strikes . | . . . Average Backups 8 | 3 8 9 Power . | . . . Propulsion 3 | 1 3 3 Utility 2 | . 2 2 Weapon 2 | . 2 2 Tool/Special . | . . . Unused Backups 9 | . 4 5 Power . | . . . Propulsion 2 | . . 2 Utility 2 | . . 2 Weapon 3 | . 3 . Tool/Special 2 | . 1 1 Average Slot Usage (%) 98 | . 99 97 Engine 13 | . 13 12 Treads 25 | . 24 27 Wheel 2 | . 3 . Device 11 | . 13 6 Storage 14 | . 14 14 Processor 3 | . . 12 Energy Gun 2 | . . 7 Ballistic Gun 24 | . 27 14 Peak Build Rating 27 | 7 9 27 Average Rating 10 | 5 7 17 On Entrance 5 | . 7 9 Avg Prop Armor Cover (%) 6 | 5 6 . Naked Turns . | . . . Heaviest Build 23 | 13 18 23 Greatest Support 40 | 20 40 40 Greatest Overweight (x) 1 | . 1 1 Average Overweight (x) . | . . . Largest Inventory Capacity 10 | 8 10 10 Average Capacity 9 | 7 9 10 Most Carried 10 | 5 10 10 Average Carried 8 | 3 8 9 Final Capacity 10 | 8 10 10 Final Carried 10 | 5 10 10 Class Distribution -------------------- 85% | Mutant 14% | Scavenger-Mutant Dominant Class ---------------- Mutant | -10/Materials Scavenger-Mutant | -10/Subcaves Resources | -11 -10 -10 ----------- Run | Yrd Mat Sub Matter Collected 1210 | 232 739 239 Remotely . | . . . Salvage Created 1325 | 178 888 259 Parts 103 | 10 70 23 Haulers Intercepted 2 | . 2 . Recyclers Shooed 2 | . 2 . Parts Field Recycled . | . . . Retrieved Matter . | . . . Parts Self-Destructed 5 | . . 5 Prevented . | . . . Parts Restored . | . . . Kills | -11 -10 -10 ------- Run | Yrd Mat Sub Combat Hostiles Destroyed 20 | . 13 7 Guns 19 | . 13 6 Cannons 1 | . . 1 Classes Destroyed 10 | 2 7 1 Worker 4 | . 4 . Builder 2 | . 2 . Tunneler 5 | 3 2 . Hauler 2 | . 2 . Recycler 3 | 1 2 . Operator 1 | . 1 . Watcher 3 | . 3 . Swarmer 6 | . 6 . Grunt 7 | . 7 . Subdweller 7 | . . 7 Best Kill Streak 6 | 4 6 2 Combat Bots Only 4 | . 4 2 Max Kills in Single Turn 1 | 1 1 1 Gunslinging . | . . . Exploded . | . . . Melee . | . . . Uniques/NPCs Destroyed . | . . . Combat | -11 -10 -10 -------- Run | Yrd Mat Sub Hostile Shots Fired 91 | . 45 46 Missed 12 | . 8 4 Hits 79 | . 37 42 Projectile 79 | . 37 42 Critical Strikes 3 | . . 3 Damage Taken 1369 | . 441 928 Core 259 | . 92 167 Absorbed by Shields . | . . . Regen/Repaired (Parts) 82 | . 82 . Core Remaining (%) 100 | 100 . . Volleys Fired 135 | 14 82 39 Largest 2 | 2 2 2 Hottest 120 | 40 40 120 Shots Fired 266 | 28 164 74 Gun 257 | 28 164 65 Cannon 9 | . . 9 Launcher . | . . . Special . | . . . Kinetic 242 | 28 164 50 Thermal 24 | . . 24 Explosive . | . . . Electromagnetic . | . . . Robot Hit Streak 32 | 13 9 32 Robot Miss Streak 4 | 3 4 1 Penetration Max . | . . . Secondary Targets . | . . . Shots Hit Robots 173 | 19 91 63 Core Hits 63 | 5 43 15 Critical Kills . | . . . Critical Parts Destroyed 1 | . 1 . Critical Strikes 3 | . 1 2 Destroy 3 | . 1 2 Melee Attacks . | . . . Impact . | . . . Slashing . | . . . Piercing . | . . . Sneak Attacks . | . . . Combat Hostiles . | . . . Follow-up Attacks . | . . . Damage Inflicted 2515 | 271 1162 1082 Guns 2360 | 271 1162 927 Cannons 155 | . . 155 Explosions . | . . . Melee . | . . . Ramming . | . . . Kinetic 2099 | 271 1162 666 Thermal 416 | . . 416 Explosive . | . . . Electromagnetic . | . . . Impact . | . . . Slashing . | . . . Piercing . | . . . Highest Corruption 15 | . . 15 Average Corruption 15 | . . 15 Corruption Purged . | . . . Corruption Blocked . | . . . Effects 8 | . . 8 Message Errors 1 | . . 1 Matter Fused 1 | . . 1 Energy Discharges 2 | . . 2 Parts Fused 1 | . . 1 Data Loss (minor) 1 | . . 1 Data Loss (major) 1 | . . 1 Misfires 1 | . . 1 Overload Shots . | . . . Overflow Damage . | . . . Projectiles . | . . . Explosions . | . . . Melee . | . . . Knockbacks . | . . . Impact . | . . . Kinetic . | . . . Secondary . | . . . Self-Inflicted Damage . | . . . Shots . | . . . Rammed . | . . . Targets Rammed . | . . . Kicked . | . . . Crushed . | . . . Highest Temperature 2 | . 2 . Average Temperature 2 | . 2 . Received Heat Transfer 363 | . 207 156 Siege Activations . | . . . Martial Activations . | . . . Shielding Activations . | . . . Robots Disrupted . | . . . Combat Hostiles . | . . . Robots Corrupted . | . . . Combat Hostiles . | . . . Parts Fried . | . . . Impact Corruptions . | . . . Robots Melted . | . . . Combat Hostiles . | . . . Parts Melted 3 | . . 3 Heat Transferred 658 | . . 658 Parts Sabotaged . | . . . Parts Stolen . | . . . Parts Stripped . | . . . Power Chain Reactions . | . . . Alert | -11 -10 -10 ------- Run | Yrd Mat Sub Maximum Alert Level . | . . . Low Security (%) 100 | 100 100 . Level 1 . | . . . Level 2 . | . . . Level 3 . | . . . Level 4 . | . . . Level 5 . | . . . High Security . | . . . Max Security . | . . . Peak Influence 195 | 10 195 . Initial . | . . . Average 79 | 1 83 . Influence Increases 570 | 20 550 . Destroy 0b10 Robot/C 260 | . 260 . Destroy 0b10 Robot/NC 100 | 20 80 . Destroy Leader 70 | . 70 . Successful Hack 18 | . 18 . Select Force Hacks 30 | . 30 . Destroy Structure 2 | . 2 . Lose Combat Pursuer 90 | . 90 . Influence Decreases 570 | 20 499 51 Entered New Map 25 | . . 25 Time Decay 529 | 20 489 20 Lost Part 16 | . 10 6 Squads Dispatched 3 | . 3 . Investigation 2 | . 2 . Extermination . | . . . Reinforcement 1 | . 1 . Assault . | . . . Garrison . | . . . Intercept . | . . . Searches Triggered . | . . . Construction Impeded . | . . . Haulers Reinforced . | . . . Active Scanning Responses . | . . . Cargo Convoy Interrupts . | . . . Stealth | -11 -10 -10 --------- Run | Yrd Mat Sub Distress Signals . | . . . Communications Jammed . | . . . Distress Signals . | . . . Times Spotted 35 | . 27 8 Peak Tracking Total 4 | . 4 2 Tactical Retreats 5 | . 5 . Traps | -11 -10 -10 ------- Run | Yrd Mat Sub Traps Triggered 4 | . 3 1 Indirectly . | . . . Trap Hack Attempts . | . . . Triggered . | . . . Disarmed . | . . . Reprogrammed . | . . . Reused . | . . . Traps Extracted . | . . . Installed . | . . . Triggered . | . . . Machines | -11 -10 -10 ---------- Run | Yrd Mat Sub Machines Disabled . | . . . Max in Single Turn . | . . . Machines Repaired . | . . . Machines Dismantled . | . . . Machines Sabotaged . | . . . Overloaded Fab Kills . | . . . Hacking | -11 -10 -10 --------- Run | Yrd Mat Sub Machines Accessed 11 | . 10 1 Terminals 8 | . 8 . Fabricators . | . . . Repair Stations 1 | . 1 . Recycling Units 1 | . 1 . Scanalyzers . | . . . Garrison Access . | . . . Total Hacks 35 | . 32 3 Successful 22 | . 19 3 Failed 12 | . 12 . Catastrophic . | . . . Database Lockouts 1 | . 1 . Manual 25 | . 25 . Terminals 28 | . 28 . Fabricators . | . . . Repair Stations 2 | . 2 . Recycling Units 2 | . 2 . Scanalyzers . | . . . Garrison Access . | . . . Terminal Hacks 7 | . 4 3 Record 3 | . . 3 Part Schematic 1 | . 1 . Robot Analysis 2 | . 2 . Locate Traps 1 | . 1 . Fabricator Hacks . | . . . Repair Station Hacks 2 | . 2 . Scan Component 1 | . 1 . Repair 1 | . 1 . Recycling Unit Hacks 1 | . 1 . Retrieve Components 1 | . 1 . Scanalyzer . | . . . Garrison Access Hacks . | . . . Unauthorized Hacks 12 | . 12 . Terminals 11 | . 11 . Botnet 5 | . 5 . Skim 6 | . 6 . Fabricators . | . . . Repair Stations . | . . . Recycling Units 1 | . 1 . Tunnel 1 | . 1 . Scanalyzers . | . . . Garrison Access . | . . . Data Cores Recovered . | . . . Used . | . . . Hacking Detections 9 | . 9 . Full Trace Events . | . . . Feedback Events . | . . . Feedback Blocked . | . . . Robot Schematics Acquired . | . . . Robots Built . | . . . Authchips . | . . . Time . | . . . Total Robot Build Rating . | . . . Part Schematics Acquired 1 | . 1 . Parts Built . | . . . Authchips . | . . . Time . | . . . Total Part Build Rating . | . . . Part Studies Acquired . | . . . Parts Repaired 1 | . 1 . Time 26 | . 26 . Parts Recycled . | . . . Recycled Matter . | . . . Retrieved Matter . | . . . Retrieved Components 4 | . 4 . Parts Scanalyzed . | . . . Part Schematics Acquired . | . . . Parts Damaged . | . . . Bothacking | -11 -10 -10 ------------ Run | Yrd Mat Sub Used RIF Installer . | . . . Robots Hacked . | . . . Non-combat . | . . . Combat . | . . . Robot Hacks Applied . | . . . Relay Couplers Released . | . . . Fabnet Peak Effective % . | . . . Robots Rewired . | . . . Allies Hacked . | . . . Hacks Repelled . | . . . Allies | -11 -10 -10 -------- Run | Yrd Mat Sub Total Allies . | . . . Largest Group . | . . . Highest-Rated Group . | . . . Highest-Rated Ally . | . . . Total Orders . | . . . Ally Attacks . | . . . Total Damage . | . . . Kills . | . . . Allies Corrupted . | . . . Allies Melted . | . . . X0-1V1 Amusement Gains 6 | . 6 . Good Acts 5 | . . 5 Bad Acts 6 | . . 6 Intel | -11 -10 -10 ------- Run | Yrd Mat Sub Active Infowar (turns) 2648 | 17 2535 96 Seismic 2648 | 17 2535 96 Robot Analysis Total 2 | . 2 . Derelict Logs Recovered . | . . . Drone Launches . | . . . Drone Recoveries . | . . . Exploration | -11 -10 -10 ------------- Run | Yrd Mat Sub Turns Passed 3702 | 111 2540 1051 Spaces Moved 1722 | 38 1164 520 Core 4 | 4 . . Treads 1603 | 32 1051 520 Legs . | . . . Wheels 115 | 2 113 . Hover . | . . . Flight . | . . . Fastest Speed 50 | 50 95 160 Average Speed 155 | 144 153 161 Slowest Speed 240 | 160 160 240 Overloaded Moves . | . . . Propulsion Burnouts . | . . . Robots Hopped . | . . . Potential Cave-ins . | . . . Cave-ins Triggered . | . . . Exploration Rate (%) 47 | 4 95 43 Regions Visited 2 Branch Regions 1 Pre-discovered Areas 2 | . 2 . Known Exits Taken 1 | . 1 . Unknown Exits Taken 1 | 1 . . Scrap Searched 13 | . . 13 Spaces Dug . | . . . Terrain Destroyed 1 | . . 1 Melee . | . . . Projectile 1 | . . 1 AOE . | . . . Terrain Rammed . | . . . Walls Destroyed . | . . . Machines Disabled . | . . . Actions | -11 -10 -10 --------- Run | Yrd Mat Sub Total 2468 | 63 1750 655 Wait 553 | . 477 76 Move 1720 | 37 1163 520 Hop . | . . . Pick Up 18 | 5 8 5 Fast Attach 14 | 7 5 2 Attach 5 | . 1 4 Detach . | . . . Swap 13 | . 7 6 Drop 10 | . 7 3 Fire 135 | 14 82 39 Melee . | . . . Ram . | . . . Kick . | . . . Crush . | . . . Escape Stasis . | . . . Rewire . | . . . Trap . | . . . Miscellaneous . | . . . Route ------- -11/Scrapyard -10/Materials (discovered 5 exits: [*Mat x3] / [*Min] / *Sub) -10/Subcaves (discovered 2 exits: [*Mat] / Rec) History --------- Turn | Location | Event 2 | -11/Scrapyard | Met Revision 17 18 | -11/Scrapyard | Discovered new exit (range 15) 112 | -11/Scrapyard | Entered Materials 302 | -10/Materials | Build established: Mutant 481 | -10/Materials | Discovered new exit (range 10) 663 | -10/Materials | Discovered new exit (range 11) 1146 | -10/Materials | Discovered new exit (range 8) 1315 | -10/Materials | Discovered new exit (range 9) 1318 | -10/Materials | Central database locked down 1393 | -10/Materials | Identified exit to Subcaves 1460 | -10/Materials | Learned location of Storage (-8) 1636 | -10/Materials | Learned location of 2 exits from Materials 1673 | -10/Materials | Learned location of 2 exits from Materials 1720 | -10/Materials | Learned location of 2 exits from Mines 1875 | -10/Materials | Repaired Assault Rifle 2647 | -10/Materials | Prayed at D.C.S.S. Altar Unit 2652 | -10/Materials | Entered Subcaves 2675 | -10/Subcaves | Melee accuracy permanently improved by X0-1V1 (+5%) 2724 | -10/Subcaves | Visited Clippyterm 2729 | -10/Subcaves | Identified exit to Recycling 2770 | -10/Subcaves | Core integrity fell below 50% 2850 | -10/Subcaves | Shifting Twisted Machinery released Ripper 2853 | -10/Subcaves | Shifting Twisted Machinery released Sub. Monowheel 3006 | -10/Subcaves | X0-1V1 activates XOMVISION 3080 | -10/Subcaves | Build established: Scavenger-Mutant 3192 | -10/Subcaves | Core integrity fell below 20% 3348 | -10/Subcaves | X0-1V1 mutated your Weapon slot to Utility slot 3519 | -10/Subcaves | Discovered new exit (range 8) 3524 | -10/Subcaves | System corruption reached 10% 3657 | -10/Subcaves | Build established: Mutant 3702 | -10/Subcaves | Disturbed a concealed Subdweller 3703 | -10/Subcaves | Destroyed by 6W-2ZM(R) with Subdweller Beam Cannon Last Messages --------------- 03643_ Acquired 9 matter. 03658_ X0-1V1: "The ol' switcheroo!" GR-8JL(R) form resolidifies at new position. Form resolidifies at new position. 03658_ GR-8JL(R) suffers critical hit (Destroy). 03664_ GR-8JL(R) destroyed. 03670_ System corrupted: Substantial component data lost. 03691_ System corrupted: Energy discharge (-42). 03696_ Searching scrap... 03696_ Found Enh. Flamer. 03696_ Found 47 Matter. 03697_ Acquired 15 matter. 03698_ Searching scrap... 03698_ Found Slug Cannon. 03698_ Found 45 Matter. 03699_ Searching scrap... 03699_ Found Barrage Gun. 03699_ Found 33 Matter. 03702_ 6W-2ZM(R) angrily emerges from the Twisted Machinery. 03703_ X0-1V1 giggles madly! Map ----- +----------------------------------------------------+ | | | | | | | | | | | | | | | | | | | | | | | | | | | | | | | | | | | ?????????????????????????????????????????????????? | | ?????????????????????????????????????????????????? | | ?????????????????????????????????????????????????? | | ?????????????????????????????????????????????????? | | ?????????????????????????????????????????????????? | | ?????????????????????????????????????????????????? | | ?????????????????????????????????????????????????? | | ??????????????????????######?????????????????????? | | ?????????????????????##<%@%#?????????????????????? | | ?????????????????????#&R]<##?????????????????????? | | ?????????????????????#|####??????????????????????? | | ?????????????????????#" #??????????????????????? | | ?????????????????????### ###?????????????????????? | | ?????????????????????##" " #?????????????????????? | | ????????????????????## #####??########???????? | | ????????????????????# #?# ##??????? | | ????????????????????# ## ?????? | | ????????????????????## ## # ## ????? | | ?????????????????????### ### ????? | | ??????????????????????# # #?????? | | ??????????????????????# ## % ##???????? | | ??????????????????????## # #????????? | | ???????????????????????# ### % #? ##????????? | | ???????????????????????##?## #####???#?????????? | | ??????????????????????????# ##?????????????????? | | ??????????????????????????## !##?????????????????? | | ???????????????????????#### [%##????????????????? | | ?????????????????????### %! ##???????????????? | | ????????????????????## ##??????????????? | | ????????????????? ## % ##?????????????? | | ????????????????# #?????????????? | | ????????????????# ##?????????????? | | ????????????????## % ##?????????????? | +----------------------------------------------------+ Best States ------------- Heat Dissipation 65 Energy Generation 22 Energy Capacity 200 Matter Stores 300 Matter Capacity 300 Sight Range 21 Terrain Scan Density 10 Evasion (%) 41 Targeting Accuracy 10 Recoil Reduction 2 Item Schematics ----------------- Med. Storage Unit | -10/Materials | Hacked Robot Schematics ------------------ None Fabricated ------------ Nothing Repaired ---------- Assault Rifle | 18% | -10/Materials Studied --------- None Alien Tech Used ----------------- None Achievements -------------- None Challenges ------------ None Game ------ Seed PlexusRecoilShell Manual? 0 Play Time 00:14:59 Cumulative 419.1 hours Start 2026.06.23 @ 05:02:06 End 2026.06.23 @ 05:16:46 Sessions 1 Manual Loads 0 Difficulty Rogue Special Mode None Game No. 323 Rogue 323 Adventurer 0 Explorer 0 Win Type - Total 27 Types 15/0/8/2/0/0/0/1/1/0 Lore% 89 Gallery% 80 Achievement% 71 Wizard Run 0 Options --------- Layout 1 ASCII 0 Keyboard 0 Movement Numpad Keybinds 0 Fullscreen 1 Font 32/SmallcapsGlow Map View 77x35 Zoom Use 0% Tactical HUD 1 Map Filters NONE Filters NONE Steam 1 RUN: 550e5345-25f4-49f3-8ca5-d57f374c26f1